 Dungeon Crawl Stone Soup version 0.30-a0-1160-g6e42c06551 (webtiles) character file.

Game seed: 8655696161615897594

93 senseless the Gusty (level 4, -6/30 HPs)
             Began as a Human Air Elementalist on Apr 26, 2023.
             Mangled by Crazy Yiuf
             ... wielding a +4 quarterstaff of chaos
              (15 damage)
             ... on level 3 of the Dungeon.
             The game lasted 00:09:50 (4427 turns).

senseless the Gusty (Human Air Elementalist)        Turns: 4427, Time: 00:09:50

Health: -6/30      AC:  3    Str: 14    XL:     4   Next: 91%
Magic:  5/8        EV: 12    Int: 18    God:
Gold:   167        SH:  0    Dex: 13    Spells: 1/8 levels left

rFire   . . .        k - +2 dagger (venom)
rCold   . . .        (no shield)
rNeg    . . .        a - +0 robe
rPois   .            (no helmet)
rElec   .            (no cloak)
rCorr   .            p - +0 pair of gloves
SInv    .            (no boots)
Will    .....        (no amulet)
Stlth   ++           l - +6 ring of strength
HPRegen 0.25/turn    (no ring)
MPRegen 0.11/turn

%: no passive effects
@: lethally poisoned (-6 -> -10)
A: no striking features
a: no special abilities


You were on level 3 of the Dungeon.
You visited 1 branch of the dungeon, and saw 3 of its levels.

You collected 167 gold pieces.

Inventory:

Hand Weapons
 k - a +2 dagger of venom (weapon)
Missiles
 e - a throwing net
Armour
 a - a +0 robe (worn)
 p - a +0 pair of gloves (worn)
Jewellery
 l - a +6 ring of strength (left hand)
Wands
 m - a wand of polymorph (14)
Scrolls
 c - a scroll of enchant armour {unknown}
 d - 2 scrolls of fear {unknown}
 f - 3 scrolls of teleportation {unknown}
 h - a scroll of fog {unknown}
 n - 2 scrolls of poison {unknown}
 o - a scroll of identify {unknown}
 q - a scroll of enchant weapon {unknown}
Potions
 b - a potion of magic
 g - a potion of resistance {unknown}
 i - a potion of ambrosia {unknown}
 j - a potion of might {unknown}
 r - a potion of curing {unknown}


   Skills:
 + Level 2.8 Dodging
 - Level 2.0 Stealth
 + Level 2.7 Spellcasting
 + Level 2.2 Conjurations
 + Level 3.6 Air Magic


You had one spell level left.
You knew the following spells:

 Your Spells              Type           Power      Damage    Failure   Level
a - Shock                 Conj/Air       52%        1d6       4%          1
b - Static Discharge      Conj/Air       26%        2-4/arc   8%          2
c - Airstrike             Air            7%         2d(2-18)  36%         4

Your spell library contained the following spells:

 Spells                   Type           Power      Damage    Failure   Level
 Swiftness                Air            15%        N/A       11%         3


Dungeon Overview and Level Annotations

Branches:
Dungeon (3/15)

Altars:
Wu Jian
Xom
Zin

Shops:
D:1 =

Annotations:
D:3 Crazy Yiuf


Message History

You hit the worm.
The worm looks as sick as possible!
The worm is heavily wounded.
You barely miss the worm.
The worm is severely wounded.
The worm barely misses you.
The zap hits the worm.
The worm is almost dead.
You kill the worm!
You see here a worm corpse.
r - a lumpy silvery potion You see here a +0 club.
There is a stone staircase leading down here.
You see here a +0 hammer.
You see here a +0 hammer.
Crazy Yiuf shouts!
You see here a +0 hammer.
Could not explore, unopened runed door.
As you open the door, it creaks loudly!
The zap hits Crazy Yiuf.
Crazy Yiuf is lightly wounded.
Crazy Yiuf glowers.
Crazy Yiuf hits you with a +4 quarterstaff of chaos!
You are poisoned.
Casting: Shock (safe; 4% risk of failure)
Confirm with . or Enter, or press ? or * to list all spells.
Crazy Yiuf is struck by an arc of lightning.
Crazy Yiuf is moderately wounded.
You are struck by an arc of lightning.
Crazy Yiuf is struck by an arc of lightning.
Crazy Yiuf is moderately wounded.
You are struck by an arc of lightning.
The lightning grounds out.
You feel very sick. Crazy Yiuf closely misses you.
You feel sick.
You hit Crazy Yiuf.
Crazy Yiuf is poisoned.
Crazy Yiuf is heavily wounded.
You feel sick.
Crazy Yiuf hits you with a +4 quarterstaff of chaos!
Ouch! That really hurt!
You die...

.##..#.##...............##
.##..#.#####..#####.###..#
.##..#.## #### ### ##.#
.##..#..# #.## .##..####
#..# .##..# ### ♣♣###.#
.....# #)..#♣♣ ♣♣.#...#
.##.#####
#.))'g♣♣♣♣......#
.##.....#
#...#♣@)♣......##
.######## ### ♣♣♣)♣..#.##
.#### ♣♣♣♣♣### ....# .##.#
### .##.# ##.## .##.#
##...## .##.####
#.###.##### .......###.#
#.....#


You could see Crazy Yiuf (very poisoned).

Vanquished Creatures
  4 worms
  2 dart slugs
  6 ball pythons
  4 bats
  7 endoplasms
  5 giant cockroaches
  4 goblins
  11 hobgoblins
  3 jackals (D:1)
  4 quokkas
  5 frilled lizards
  7 kobolds
  6 rats
68 creatures vanquished.

Vanquished Creatures (others)
  An angel (D:3)
  A frilled lizard (D:3)
2 creatures vanquished.

Grand Total: 70 creatures vanquished

Notes
Turn   | Place    | Note
-------+----------+-------------------------------------------
     0 | D:1      | senseless the Human Air Elementalist began the quest for
                  | the Orb.
     0 | D:1      | Reached XP level 1. HP: 13/13 MP: 3/3
   482 | D:1      | Reached XP level 2. HP: 19/19 MP: 3/5
   569 | D:1      | Found Ybab's Jewellery Emporium.
   938 | D:1      | Reached XP level 3. HP: 24/24 MP: 3/6
   993 | D:1      | Learned a level 2 spell: Static Discharge
  2575 | D:2      | Reached XP level 4. HP: 30/30 MP: 3/7
  2628 | D:2      | Learned a level 4 spell: Airstrike
  3469 | D:3      | Killed an angel
  3724 | D:3      | Found a shimmering altar of Xom.
  3739 | D:3      | Found a glowing silver altar of Zin.
  3922 | D:3      | Found an ornate altar of the Wu Jian Council.
  3979 | D:3      | Found a runed translucent door.
  3980 | D:3      | Noticed Crazy Yiuf
  4427 | D:3      | Mangled by Crazy Yiuf

Illustrated notes

Levels and vault maps discovered:
D:1:      shiori_shiawase, layout_basic, serial_shops, nicolae_shop_waterfront,
          roderic_serpentine_path
D:2:      layout_loops_cross
D:3:      layout_loops_ring, nzn_wu_jian_council_hall,
          grunt_temple_overflow_order_and_chaos_1, uniq_crazy_yiuf_cottage

Skill      XL: |  1  2  3  4 |
---------------+-------------+-----
Conjurations   | 2 |  2.2
Dodging        | |  2.8
Stealth        | |  2.0
Spellcasting   | |  2.7
Air Magic      | |  3.6

Action                     |  1- 3 |  4- 6 || total
---------------------------+-------+-------++-------
  Melee: Unarmed           |    11 |       ||    11
         Mace              |    21 |     1 ||    22
         Punch             |     1 |       ||     1
         Dagger            |       |    12 ||    12
   Cast: Shock             |    73 |    49 ||   122
         Static Discharge  |     6 |     9 ||    15
 Armour: Robe              |    16 |     1 ||    17
  Dodge: Dodged            |    40 |     8 ||    48

Table legend: (Time is in decaauts)
 A = Elapsed time spent in this place.
 B = Non-inter-level travel time spent in this place.
 C = Inter-level travel time spent in this place.
 D = Time resting spent in this place.
 E = Time spent auto-exploring this place.
 F = Levels seen in this place.
 G = Mean time per level.
                   A        B        C        D        E       F      G
               +--------+--------+--------+--------+--------+-----+--------+
         Total |   4436 |   4136 |    300 |    300 |   3382 |   3 | 1478.7 |
       Dungeon |   4436 |   4136 |    300 |    300 |   3382 |   3 | 1478.7 |
               +--------+--------+--------+--------+--------+-----+--------+

Top non-repeatable levels by time:
     D:1: 2130 daAuts
     D:2: 1192 daAuts
     D:3: 1114 daAuts
